Map: Acid Plant LE

Players

Lambo - Winner!

  • Race: Zerg Zerg
  • Spawn Location: 11:00

Jehuty

  • Race: Zerg Zerg
  • Spawn Location: 5:00

Event: WCS Valencia 2018

VOD

Have the link to the VOD?

Description

Time

  • Played on: July 12, 2018, 7:11 a.m.
  • Length: 7:30

All games in this series

Show
View Real Time Build Order
Export as new Build Order

Lambo Zerg - Winner!

Build Orders: Hatch First, Zergling Baneling 

Get SALT Encoding   

  12  0:00  Drone  
  13  0:12  Overlord  
  13  0:17  Drone  
  14  0:31  Drone x2  
  16  0:48  Hatchery  
  15  0:51  Drone  
  15  0:56  Drone  
  17  0:59  Drone  
  18  1:10  Extractor  
  17  1:14  Spawning Pool  
  17  1:17  Drone  
  17  1:20  Drone  
  18  1:28  Drone  
  19  1:39  Drone  
  20  1:49  Overlord  
  20  2:00  Queen x2  
  20  2:01  Zergling x4  
  26  2:09  Metabolic Boost  
  26  2:11  Drone  
  26  2:12  Drone  
  28  2:24  Drone x2  
  30  2:35  Hatchery  
  29  2:43  Baneling Nest, Zergling x2  
  29  2:47  Drone  
  31  2:51  Drone  
  31  2:52  Zergling x2  
  31  2:55  Drone  
  33  3:02  Drone  
  33  3:04  Overlord  
  34  3:06  Drone  
  34  3:13  Zergling x2  
  35  3:24  Drone x2  
  35  3:25  Zergling x4  
  35  3:26  Zergling x4  
  41  3:28  Baneling x2  
  41  3:30  Baneling x2  
  41  3:34  Zergling x2  
  42  3:38  Extractor, Queen  
  42  3:39  Overlord  
  44  3:51  Zergling x4  
  44  3:52  Zergling x6  
  44  3:53  Drone  
  50  3:57  Drone  
  46  4:05  Baneling x2  
  46  4:07  Zergling x4  
  46  4:08  Zergling x4  
  49  4:10  Baneling  
  49  4:15  Zergling x6  
  50  4:22  Baneling  
  50  4:23  Zergling x6  
  51  4:26  Zergling x4  
  51  4:27  Zergling x2  
  51  4:32  Drone x2  
  51  4:34  Queen  
  55  4:38  Overlord  
  55  4:39  Roach Warren  
  54  4:46  Drone, Baneling x2  
  54  4:48  Drone x2  
  56  4:57  Drone x3  
  54  5:08  Zergling x10  
  54  5:10  Baneling  
  54  5:11  Baneling  
  54  5:13  Drone x4  
  62  5:15  Extractor x2  
  60  5:21  Evolution Chamber  
  60  5:25  Drone x5  
  63  5:30  Zergling x4  
  63  5:34  Zergling x6  
  65  5:39  Zergling x6  
  65  5:42  Drone  
  66  5:48  Overlord x2  
  66  5:49  Lair  
  66  5:53  Baneling x2  
  66  5:56  Overlord  
  65  5:57  Zergling x2  
  65  5:58  Overlord  
  65  6:03  Baneling  
  66  6:05  Overlord  
  66  6:07  Overlord  
  66  6:09  Roach x2  
  66  6:10  Roach  
  72  6:13  Roach x2  
  72  6:18  Roach x2  
  79  6:22  Roach  
  79  6:23  Baneling  
  80  6:25  Drone x2  
  80  6:26  Drone  
  80  6:30  Roach  
  80  6:31  Roach  
  86  6:35  Roach x2  
  88  6:43  Roach x2  
  88  6:46  Overlord  
  92  6:51  Zergling x2, Roach x3  
  92  6:52  Zergling x4  
  92  6:54  Overlord  
  100  6:58  Overlord  
  100  7:00  Zergling x2, Roach  
  98  7:07  Zergling x4  
  98  7:08  Zergling x4  
  101  7:11  Zergling x4  
  101  7:14  Drone x2  
  105  7:22  Ravager  
Show
View Real Time Build Order
Export as new Build Order

Jehuty Zerg 

Build Orders: Hatch First, Zergling Baneling 

Get SALT Encoding   

  12  0:08  Overlord  
  12  0:12  Drone  
  13  0:17  Drone  
  14  0:26  Drone  
  15  0:29  Drone  
  16  0:41  Drone  
  17  0:52  Hatchery  
  16  0:58  Drone  
  17  1:10  Spawning Pool  
  16  1:13  Drone  
  16  1:17  Extractor  
  17  1:18  Drone  
  17  1:24  Drone  
  18  1:35  Drone  
  19  1:45  Overlord  
  19  1:56  Queen  
  19  1:58  Zergling x2  
  22  2:04  Queen  
  22  2:05  Zergling x2  
  25  2:10  Zergling x2  
  26  2:16  Metabolic Boost, Drone  
  26  2:19  Drone  
  28  2:30  Drone  
  28  2:31  Drone  
  28  2:36  Drone  
  31  2:46  Baneling Nest  
  31  2:47  Zergling x2  
  30  3:05  Zergling x8  
  32  3:06  Zergling x2  
  32  3:11  Hatchery  
  33  3:14  Overlord  
  33  3:22  Zergling x2  
  33  3:23  Zergling x4  
  36  3:29  Overlord  
  36  3:33  Zergling x4  
  38  3:36  Zergling x2  
  38  3:40  Baneling x2  
  39  3:42  Baneling  
  39  3:43  Baneling  
  39  3:44  Baneling x2  
  39  3:52  Drone  
  39  3:53  Drone x2  
  40  4:08  Baneling x2  
  40  4:09  Zergling x2  
  39  4:10  Zergling x8  
  42  4:17  Zergling x4  
  38  4:31  Zergling x2  
  38  4:32  Zergling x12  
  38  4:36  Baneling x2  
  38  4:37  Baneling x2  
  43  4:40  Drone  
  43  4:41  Drone  
  45  4:48  Queen  
  45  4:50  Drone  
  47  4:58  Drone x2  
  45  5:12  Zergling x2  
  45  5:13  Zergling x12  
  35  5:43  Baneling x3  
  35  5:45  Zergling x2  
  35  5:46  Zergling x20  
  46  5:50  Queen  
  47  6:04  Baneling  
  47  6:05  Baneling  
  47  6:07  Drone x4  
  47  6:09  Drone x2  
  47  6:10  Drone x2  
  55  6:14  Drone  
  52  6:32  Overlord  
  51  6:33  Overlord  
  51  6:36  Drone x3  
  53  6:50  Drone  
  53  6:51  Drone  
  53  6:57  Evolution Chamber x2  
  51  7:07  Evolution Chamber  
  44  7:08  Extractor  
  44  7:10  Extractor  
  44  7:11  Extractor  
Tags
 
Add a new tag
Caveats
  • Supply blocks, unpowered buildings, or Contaminate may cause inaccurate times.
  • Supply counts are checked every 10 seconds.